Workbook

Sheet Form 1
B1: 在留資格認定証明書（COE）交付申請のための個人情報入力フォーム Personal Data for Application for Certificate of Eligibility (COE) for Status of Residence
E3: ➡このセルには情報を入力して下さい。This cell must be entered. | R3: 学部/研究科（日本語基準） | S3: 学部/研究科（英語基準） | T3: キャンパス（日本語基準） | U3: キャンパス（英語基準）
E4: ➡プルダウンメニューから選択して下さい。Select from pull down menu. | R4: 法学部 / College of Law | S4: 国際関係学部 / College of International Relations | T4: 京都 衣笠キャンパス Kinugasa Campus in Kyoto | U4: 京都 衣笠キャンパス Kinugasa Campus in Kyoto
R5: 産業社会学部 / College of Social Sciences | S5: 政策科学部 / College of Policy Science | T5: 大阪いばらきキャンパス Osaka-Ibaraki Campus in Osaka | U5: 大阪いばらきキャンパス Osaka-Ibaraki Campus in Osaka
A6: 1 | B6: 受験番号 Application Number *正規課程の新入生のみ Only new students in regular courses | G6: 所属学部 College | R6: 国際関係学部 / College of International Relations | S6: 情報理工学部 / College of Information Science and Engineering | T6: 滋賀 びわこ・くさつキャンパス Biwako-Kusatsu Campus in Shiga | U6: 滋賀 びわこ・くさつキャンパス Biwako-Kusatsu Campus in Shiga
A7: 2 | B7: 学生証番号 Student ID Card Number *発行されている場合のみ Only if you have a student ID card | G7: 所属研究科 Graduate School | R7: 文学部 / College of Letters | S7: グローバル教養学部 / College of Global Liberal Arts
A8: 3 | B8: 所属キャンパス Campus | R8: デザイン・アート学部 / College of Arts and Design
A9: 4 | B9: 日本の在留カード Japanese Residence Card | D9: 日本の在留カードを持っていますか？Do you have a Japanese Residence Card? | R9: 経済学部 / College of Economics
D10: 在留カード番号 Residence Card Number | R10: スポーツ健康科学部 / College of Sport and Health Science
D11: 在留資格 Status of Residence | R11: 理工学部 / College of Science and Engineering
D12: 在留期間満了日 Date of Expiration | J12: YYYY | L12: MM | N12: DD | R12: 生命科学部 / College of Life Sciences
A13: 5 | B13: 氏名 Name | R13: 薬学部 / College of Pharmaceutical Sciences
D14: *パスポートの記載通りにアルファベット大文字で入力して下さい。Type your FULL name in CAPITAL LETTERS as written on your passport. | R14: 食マネジメント学部 / College of Gastronomy Management
A15: 6 | B15: 国籍 Nationality *複数の国籍がある場合は全て記載してください If you have more than one nationality, please list them all. | D15: 国籍 Nationality | R15: 経営学部 / College of Business Administration
D16: *第二国籍 Second Nationality | R16: 政策科学部 / College of Policy Science
D17: *第三国籍 Third Nationality | R17: 映像学部 / College of Image Arts and Sciences
A18: 7 | B18: 性別 Gender | H18: 配偶者の有無 Marital Status | R18: 総合心理学部 / College of Comprehensive Psychology
A19: 8 | B19: 生年月日 Date of Birth | D19: YYYY | F19: MM | H19: DD | R19: 情報理工学部 / College of Information Science and Engineering
A20: 9 | B20: 出生地 Place of Birth | D20: 国 Country | R20: グローバル教養学部 / College of Global Liberal Arts
D21: 州・省・県・道 State/Region/Province | R21: 法学研究科 / Graduate School of Law
D22: 市・郡 City | R22: 社会学研究科 / Graduate School of Sociology
A23: 10 | B23: 現在の職業 Current Occupation | R23: 国際関係研究科 / Graduate School of International Relations
D24: *現在働いておらず学校に通っていない場合は「なし」と記入して下さい。現在学校に在籍中の場合は「学生」と記入してください。 If you are not currently working and do not attend school, enter "None". If you are currently attending school/university, enter "Student". | R24: 文学研究科 / Graduate School of Letters
A25: 11 | B25: 現在の住所 Current Address | R25: デザイン・アート学研究科 / Graduate School of Science in Arts and Design
D26: *国名および部屋番号を含む全ての住所をアルファベットで記入して下さい。 Enter the full address, including country name and room number, in alphabetical characters. | R26: 言語教育情報研究科 / Graduate School of Language Education and Information Science
A27: 12 | B27: E-mail | R27: 先端総合学術研究科 / Graduate School of Core Ethics and Frontier Sciences
A28: 13 | B28: 電話番号 Phone Number | D28: 国番号 Country Code + | H28: 電話番号 Telephone Number | R28: 経済学研究科 / Graduate School of Economics
A29: 14 | B29: パスポート番号 Passport Number | R29: スポーツ健康科学研究科 / Graduate School of Sport and Health Science
A30: 15 | B30: パスポート発行年月日 Passport Issuance Date | D30: YYYY | H30: MM | L30: DD | R30: 理工学研究科 / Graduate School of Science and Engineering
A31: 16 | B31: パスポート有効期限 Passport Expiry Date | D31: YYYY | H31: MM | L31: DD | R31: 生命科学研究科 / Graduate School of Life Sciences
A32: 17 | B32: 日本入国予定日 Expected date of entry to Japan | D32: YYYY | F32: 2026 | H32: MM | J32: 3 | L32: DD | R32: 薬学研究科 / Graduate School of Pharmacy
D33: *入国予定日は変更しても構いません。 The date can be changed at a later date. | R33: 食マネジメント研究科 / Graduate School of Gastronomy Management
R34: 経営学研究科 / Graduate School of Business Administration
A35: 18 | B35: 同伴者の有無 Accompanying person(s) | D35: 入国時に同伴者はいますか？Do you have any accompanying person(s) on entry into Japan? | R35: 政策科学研究科 / Graduate School of Policy Science
A36: 19 | B36: 上陸予定港 Port of entry | R36: 映像研究科 / Graduate School of Image Arts
A37: 20 | B37: 査証申請予定の日本大使館または領事館の場所（日本ではなく自分の国） Location of Japanese Embassy or Consulate for visa application in yoru country | D37: 国 Country | R37: 人間科学研究科 / Graduate School of Human Science
D38: 州・省・県 State/Region/Province | R38: 情報理工学研究科 / Graduate School of Information Science and Engineering
D39: 市・郡 City | R39: テクノロジー・マネジメント研究科 / Graduate School of Technology Management
A40: 21 | B40: 過去の日本出入国歴 Past entries into Japan | D40: 過去に日本に入国したことがありますか？Have you entered Japan before? | R40: 経営管理研究科 / Graduate School of Management
D41: ➡「はい」と回答した人は、Form2に入力して下さい。 If you answered 'yes' above, complete Form2. | R41: 法務研究科 / School of Law
A42: 22 | B42: 過去のCOE申請歴 Past history of applying for a COE | D42: 過去にCOEを申請したことがありますか？Have you ever applied for a COE? | R42: 教職研究科 / Graduate School of Professional Teacher Education
D43: *申請を取り下げてCOEが発行されなかった場合も、申請回数に含めて下さい。 Withdrawals of COE applications should be also included in past application. This applies even if no COE was issued.
D45: 過去の申請回数 Total number of past application | O45: 回 times
D46: 申請が不許可になったことがありますか？Has your COE application ever been rejected?
D47: 不許可を受けた回数 Total number of application rejection | O47: 回 times
D48: ➡過去にCOEを取得したことがある人は、一番最近の取得情報（取得時期、受入機関、身分）を以下に記入してください。For those who have obtained a COE in the past, please provide information on the most recent acquisition (time of acquisition, host institution, and status).
A50: 23 | B50: 犯罪歴 Criminal Record | D50: 国を問わず、交通違反等による処分を含む犯罪歴がありますか？ Do you have any criminal record including traffic violation fines in any country?
A52: 24 | B52: 退去強制または出国命令による出国の有無 Departure by deportation or departure order | D52: 退去強制/出国命令による出国がありますか? Have you ever been deported or ordered to leave the country?
D53: 退去強制または出国命令の回数 Total number of deportation or departure order | O53: 回 times
D54: 直近の送還歴 Date of last departure by deportation | J54: YYYY | L54: MM | N54: DD
A55: 25 | B55: 在日親族および同居予定者 Family member or co-resident in Japan | D55: ①親族が日本に住んでいますか？Do you have relatives living in Japan?
D56: ②同居予定者がいますか？ Do you have any co-resident(s) in Japan?
D57: ➡①②のどちらかで「はい」と回答した人は、以下に記入して下さい。 If you answered 'yes' above①or②, complete the following.
D58: 氏名 Name
D59: 生年月日 Date of Birth | J59: YYYY | L59: MM | N59: DD
D60: 国籍 Nationality
D61: あなたとの関係 Relationship to applicant
D62: 通学先または勤務先の名称 Name of school or work place
D63: 在留カード番号 / 特別永住者証明書番号 Residence Card or Special Permanent Resident Certificate Number
D64: 上記の人物と同居する予定はありますか？ Do you plan to live with the person listed above ?
B66: 学歴・職歴 Educational Background and Professional Experience
A67: 26 | B67: 小学校から現在に至るまでの修学年数 Total Period of Education | D67: 小学校 Elementary School | N67: 年 Years
D68: 中等学校 Junior High School | N68: 年 Years
D69: 高等学校 High School | N69: 年 Years
D70: 大学（学士）University (Bachelor's Degree) | N70: 年 Years
D71: 大学（修士）University (Master's Degree) | N71: 年 Years
D72: 大学（博士）University (Doctoral Degree) | N72: 年 Years
D73: 合計 Total | J73: =IF(SUM(J67:M72)=0, "0", SUM(J67:M72)) -> 0 | N73: 年 Years
A74: 27 | B74: 高等学校からの学歴 （語学学校・交換留学等すべての学習歴を記入） Educational Background starting from high school (All Academic History, Including Language Schools and Exchange Programs) | D74: *学歴を時系列順に入力して下さい。全ての学歴を入力できない場合は、直近5年間の学歴を入力して下さい。語学学校に通っていた場合や高卒認定を取得した場合も記入して下さい。Enter your educational background in chronological order. If you cannot enter all of your educational background here, enter for the past five years. Please also indicate if you attended a language school or obtained GED.
D75: 入学年月 From | F75: YYYY | H75: MM | J75: 卒業（予定）年月 または高卒認定取得年月 Until | L75: YYYY | N75: MM
D76: 学校名 Institution Name | J76: 学部／研究科 Department
D77: 学位 Degree | J77: 状態 Status
D78: 入学年月 From | F78: YYYY | H78: MM | J78: 卒業（予定）年月 または高卒認定取得年月 Until | L78: YYYY | N78: MM
D79: 学校名 Institution Name | J79: 学部／研究科 Department
D80: 学位 Degree | J80: 状態 Status
D81: 入学年月 From | F81: YYYY | H81: MM | J81: 卒業（予定）年月 または高卒認定取得年月 Until | L81: YYYY | N81: MM
D82: 学校名 Institution Name | J82: 学部／研究科 Department
D83: 学位 Degree | J83: 状態 Status
D84: 入学年月 From | F84: YYYY | H84: MM | J84: 卒業（予定）年月 または高卒認定取得年月 Until | L84: YYYY | N84: MM
D85: 学校名 Institution Name | J85: 学部／研究科 Department
D86: 学位 Degree | J86: 状態 Status
A87: 28 | B87: 職歴 Work Experience in chronological order | D87: アルバイト以外の職歴がありますか？Do you have any work experience other than part-time work?
D88: *全ての職歴を入力できない場合は、直近5年間の職歴を入力して下さい。兵役の情報は記入不要です。If you cannot enter all of your work experience here, enter your work experience for the past five years. Information on military service is not required.
D89: 開始年月 From | F89: YYYY | H89: MM | J89: 退職年月 Until | L89: YYYY | N89: MM
D90: 会社名 Company Name | J90: 職業 Job Title
D91: 開始年月 From | F91: YYYY | H91: MM | J91: 退職年月 Until | L91: YYYY | N91: MM
D92: 会社名 Company Name | J92: 職業 Job Title
A93: 29 | B93: 卒業後の予定 Plan after university graduation | J93: *「その他」を選択した場合は、以下に具体的に予定を記入して下さい。 If you select "Others" above, please explain your plan below.
B97: 経費支弁情報 Information of Financial Suppport
B98: ■第1経費支弁者 1st Financial Supporter
A99: 30 | B99: 氏名 Name
A100: 31 | B100: 住所 Address
D101: *部屋番号まですべて記入してください。Enter full address details incuding room number.
A102: 32 | B102: 電話番号 Telephone Number | D102: 国番号 Country Code + | H102: 電話番号 Telephone Number
A103: 33 | B103: 申請人との関係 Relationship to you
A104: 34 | B104: 職業 Occupation
D105: *経費支弁者が主婦（夫）の場合は「なし」、経費支弁者が年金受給者の場合は「年金受給者」と記入して下さい。 Enter "None" if s/he is homemaker, or "Pensioner" if s/he is a pensioner.
A106: 35 | B106: 勤務先名称 Name of Workplace
A107: 36 | B107: 勤務先の電話番号 Telephone Number of Workplace | D107: 国番号 Country Code + | H107: 電話番号 Telephone Number
D108: *会社員の場合は会社の代表番号、自営業の場合は業務に使用している番号を記入して下さい。 Enter the main number of company if s/he is a company employee, or the telephone number used for business if s/he is self-employed.
...

Sheet Form 2
A2: 過去の日本出入国歴 Detail of past entries into Japan
A3: *生まれてから現在までのすべての日本出入国歴を記入してください Please list all the information from birth to present
B4: ➡このセルには情報を入力して下さい。This cell must be entered.
B5: ➡プルダウンメニューから選択して下さい。Select from pull down menu.
B7: 入国日 Date of Entry | H7: 出国日 Date of Departure | N7: 入国時の在留資格 Status of Residence | O7: 入国目的 Purpose of Entry | P7: 出入国スタンプがありますか？ Do you have enty/departure stamps on your passport? | Q7: 出入国時の国籍 Nationality of the passport you used for entry/departure
A8: Example | B8: YYYY | C8: 2023 | D8: MM | E8: 1 | F8: DD | G8: 1 | H8: YYYY | I8: 2023 | J8: MM | K8: 1 | L8: DD | M8: 10 | N8: 短期滞在/Short Term Stay | O8: 観光/Sightseeing | P8: No(biometric eGates)/自動化ゲート使用のため、なし | Q8: USA
A9: 1 | B9: YYYY | D9: MM | F9: DD | H9: YYYY | J9: MM | L9: DD
A10: 2 | B10: YYYY | D10: MM | F10: DD | H10: YYYY | J10: MM | L10: DD
A11: 3 | B11: YYYY | D11: MM | F11: DD | H11: YYYY | J11: MM | L11: DD
A12: 4 | B12: YYYY | D12: MM | F12: DD | H12: YYYY | J12: MM | L12: DD
A13: 5 | B13: YYYY | D13: MM | F13: DD | H13: YYYY | J13: MM | L13: DD
A14: 6 | B14: YYYY | D14: MM | F14: DD | H14: YYYY | J14: MM | L14: DD
A15: 7 | B15: YYYY | D15: MM | F15: DD | H15: YYYY | J15: MM | L15: DD
A16: 8 | B16: YYYY | D16: MM | F16: DD | H16: YYYY | J16: MM | L16: DD
A17: 9 | B17: YYYY | D17: MM | F17: DD | H17: YYYY | J17: MM | L17: DD
A18: 10 | B18: YYYY | D18: MM | F18: DD | H18: YYYY | J18: MM | L18: DD
A19: 11 | B19: YYYY | D19: MM | F19: DD | H19: YYYY | J19: MM | L19: DD
A20: 12 | B20: YYYY | D20: MM | F20: DD | H20: YYYY | J20: MM | L20: DD
... A48: 40 | B48: YYYY | D48: MM | F48: DD | H48: YYYY | J48: MM | L48: DD
P49: 出入国回数合計 Total | Q49: =COUNTA(Q9:Q48) -> 0

Sheet Form 3-1
B2: この経費支弁書は、経費支弁者ご本人に入力いただく必要があります。 This form must be completed by the financial supporter of the applicant.
D5: 経費支弁書 Statement of Financial Support
B9: 立命館大学学長 殿
B10: To the President of Ritsumeikan University
B12: 氏名 Applicant's Name
E13: *パスポートの記載通りにアルファベット大文字で入力して下さい。 Type his/her FULL name in CAPITAL LETTERS as written on their passport.
B14: 国籍 Nationality
B15: 生年月日 Date of Birth | F15: 年 Year | H15: 月 Month | J15: 日 Day
B17: 私は、上記の者の日本滞在について、経費支弁を引き受けた経緯を説明するとともに、経費支弁について証明いたします。私は上記の者が立命館大学に留学する間の総費用について、責任を持って負担いたします。また、上記の者が在留期間更新許可申請を行う際には、送金証明書又は本人名義の預金通帳(送金事実、経費支弁事実が記載されたもの)の写し等で、生活費等の支弁事実を明らかにする書類を提出します。 I hereby certify that I will provide financial support to the above-mentioned applicant for the duration of his/her stay in Japan. I will be responsible for the total cost for the duration of the applicant’s study abroad at Ritsumeikan University. Furthermore, when the applicant applies to extend their status of residence, I agree to provide documents, such as certificates of remittance and/or photocopies of bank statements to show as proof of paying such living expenses and other fees.
B27: 申請者との関係及び申請者の経費支弁を引受けた経緯について具体的に記載してください。 Please describe your relationship to the above-mentioned applicant and the circumstances under which you decided to support financially the applicant’s stay in Japan.
B41: 経費支弁者情報 Financial Supporter Information
B42: 氏名 Name
B43: 住所 Address
E45: *部屋番号まですべて記入してください。 Enter full address details incuding room number.
B46: 電話番号 Telephone Number
B47: 申請者との関係 Relationship to Applicant
D50: 記入日 Date | F50: 年 Year | H50: 月 Month | J50: 日 Day

Sheet Form 3-2
B2: この経費支弁書は、経費支弁者ご本人に入力いただく必要があります。 This form must be completed by the financial supporter of the applicant.
D5: 経費支弁書 Statement of Financial Support
B9: 立命館大学学長 殿
B10: To the President of Ritsumeikan University
B12: 氏名 Applicant's Name
E13: *パスポートの記載通りにアルファベット大文字で入力して下さい。 Type his/her FULL name in CAPITAL LETTERS as written on their passport.
B14: 国籍 Nationality
B15: 生年月日 Date of Birth | F15: 年 Year | H15: 月 Month | J15: 日 Day
B17: 私は、上記の者の日本滞在について、経費支弁を引き受けた経緯を説明するとともに、経費支弁について証明いたします。私は上記の者が立命館大学に留学する間の総費用について、責任を持って負担いたします。また、上記の者が在留期間更新許可申請を行う際には、送金証明書又は本人名義の預金通帳(送金事実、経費支弁事実が記載されたもの)の写し等で、生活費等の支弁事実を明らかにする書類を提出します。 I hereby certify that I will provide financial support to the above-mentioned applicant for the duration of his/her stay in Japan. I will be responsible for the total cost for the duration of the applicant’s study abroad at Ritsumeikan University. Furthermore, when the applicant applies to extend their status of residence, I agree to provide documents, such as certificates of remittance and/or photocopies of bank statements to show as proof of paying such living expenses and other fees.
B27: 申請者との関係及び申請者の経費支弁を引受けた経緯について具体的に記載してください。 Please describe your relationship to the above-mentioned applicant and the circumstances under which you decided to support financially the applicant’s stay in Japan.
B41: 経費支弁者情報 Financial Supporter Information
B42: 氏名 Name
B43: 住所 Address
E45: *部屋番号まですべて記入してください。 Enter full address details incuding room number.
B46: 電話番号 Telephone Number
B47: 申請者との関係 Relationship to Applicant
D50: 記入日 Date | F50: 年 Year | H50: 月 Month | J50: 日 Day

Sheet 0_1提出書類一覧
F1: <認定用>
A2: ※適正校（クラスⅠ又はクラスⅡ）である旨の通知を受けた大学（短期大学、大学院を含む。）、 大学に準ずる機関、高等専門学校（認定日本語教育機関を除く。）に入学する場合の提出書類一覧表
A3: 番号 | B3: 必要書類 | C3: 提出の要否 | D3: 提出確認欄 | F3: 備考
D4: いずれか選択
A5: 1 | B5: 在留資格認定証明書交付申請書 | C5: ○ | D5: 有 | E5: 無
A6: 2 | B6: 提出書類一覧表（本表及び別紙「各種確認書」） | C6: △ （備考欄参照） | D6: 有 | E6: 無 | F6: 日本語別科において専ら日本語教育を受ける者について、別表掲載国・地域の出身国籍である申請人が外国の高等教育機関（大学等）を卒業し、その卒業証書等を提出する場合、「各種確認書」の提出は不要
A7: 3 | B7: 旅券の身分事項ページ（写し）及び追記欄に記載がある旅券に ついては追記欄ページ（写し） | C7: ○ | D7: 有 | E7: 無
A8: 4 | B8: 日本語能力に係る資料 | C8: ○ | D8: 有 | E8: 無 | F8: 日本語別科において専ら日本語教育を受ける者について、上記２の「各種確認書」で試験を選択した場合、試験の証明書を併せて提出（面接欄にも記載する場合を除く。）
A9: 5 | B9: 研究内容を証する文書 | C9: △ | D9: 有 | E9: 無 | F9: 大学等において、専ら聴講によらない研究生として受け入れられる場合
C10: （備考欄参照）
A11: 6 | B11: 履修届けの写し又は聴講科目及び聴講時間を証する文書 | C11: △ | D11: 有 | E11: 無 | F11: 大学等において、聴講生、科目等履修生、専ら聴講による研究生として受け入れられることが申請時に決定している場合
C12: （備考欄参照）
A13: 7 | B13: 大学の管理体制を説明した文書 | C13: △ | D13: 有 | E13: 無 | F13: 大学の夜間において授業を行う大学院の研究科において、専ら夜間通学して教育を受ける場合
C14: （備考欄参照）
A15: 8 | B15: 申請人の身の回りの世話や生活上の相談及び助言等を行う体制について教育機関が確認したことを証する資料 | C15: △ | D15: 有 | E15: 無 | F15: 18歳未満の申請人が単身で生活する場合（入寮等する場合を除く。）
C16: （備考欄参照）
A17: 9 | B17: 認定不交付処分又は在留不許可処分について、処分理由を払拭 する説明及び資料 | C17: △ | D17: 有 | E17: 無 | F17: 在留資格認定証明書交付申請の不交付処分、 在留期間更新許可申請又は在留資格変更許可申請の不許可処分を受けたことがある場合
C18: （備考欄参照）
A20: 教育機関の名称 | C20: 立命館大学
A21: 申請人の氏名 | C21: ='Form 1'!D13&""

Sheet 0_2別紙 各種確認書
C2: 【別紙】各種確認書（所属機関作成用）
C4: １ 修学に必要な言語 | L4: □ | M4: 日本語 | R4: □ | S4: その他（ 英語 ）
C6: ２ 入学選考における語学能力の確認方法 | Q6: Selection of Entrants
D7: 【学部：日本語基準】日本語語学要件について
D8: 前期実施：独立行政法人日本学生支援機構が実施する「日本留学試験」の「日本語（記述問題含む）」の得点が下表の各学部が定める点数以上を取得していること。各学部が定める点数以上を取得できなかった場合、出願の要件を満たさないため出願を受理しない。
D9: 後期実施：独立行政法人日本学生支援機構が実施する「日本留学試験」の「日本語（記述問題含む）」の得点が下表の各学部指定の点数以上を出願の目安とする。目安点以上を取得していなくても出願要件を満たすものとする。
D10: 学部 | Y10: 日本語（読解、聴解・聴読解） | AG10: 日本語（記述）
D11: 法学部 | K11: 経営学部 | R11: 経済学部 | Y11: 280点／400点 | AG11: 35点／50点
D12: 産業社会学部 | K12: 政策科学部 | R12: スポーツ健康科学部
D13: 国際関係学部 | K13: 総合心理学部 | R13: 食マネジメント学部
D14: 文学部 | K14: 映像学部 | R14: デザイン・アート学部
D15: 理工学部 | I15: 生命科学部 | O15: 薬学部 | T15: 情報理工学部 | Y15: 250点／400点 | AG15: 30点／50点
D17: 【学部・英語基準】英語語学要件について
D18: 入試時点で下表の英語能力試験のスコアを取得していること。下表では代表的な試験としてTOEFLおよびIELTSのスコアを示し、またそれ以外で認めている試験を最右列に記載。記載のない試験は、いずれもTOEFLやIELTSのスコアで示す英語力相当の語学力を証明できるものであること
D19: 学部・学科等 | P19: TOEFL iBT®Test | W19: IELTS | AA19: 左記以外の試験
D20: グローバル教養学部（GLA） | P20: 81 | W20: 6.5 | AA20: PTE, Cambridge
D21: 国際関係学部 JD Program | P21: 85 | W21: 6.5 | AA21: PTE, Cambridge, SAT, ACT, Duolingo
D22: 国際関係学部 GS Major | P22: 76 | W22: 6 | AA22: Duolingo
D23: 政策科学部 CRPS Major | P23: 72 | W23: 5.5 | AA23: Duolingo
D24: 情報理工学部 ISSE Course | P24: 72 | W24: 5.5 | AA24: TOEIC, Duolingo
D26: 【大学院：日本語基準】日本語語学要件に係る書類確認等
D27: 研究科 | P27: 検定等
D28: テクノロジー・マネジメント研究科 経営管理研究科／言語教育情報研究科 国際関係研究科／政策科学研究科 | P28: 「日本語能力試験」のN1に合格している者
D29: スポーツ健康科学研究科 | P29: 入学試験により、大学院の授業内容を理解できる程度の日本語能力を有しているか審査
D30: 映像研究科／経営学研究科／人間科学 研究科 | P30: 「日本語能力試験」のN1または旧1級に合格している者
D31: 経済学研究科／情報理工学研究科／ 食マネジメント研究科／文学研究科／デザイン・アート学研究科 | P31: 「日本語能力試験」のN1または旧1級合格 もしくは 「日本留学試験」の日本語（読解、聴解・聴読解）280点以上 かつ日本語 （記述）35点以上
D32: 社会学研究科 | P32: 「日本語能力試験」のN1合格者又は「日本留学試験」の日本語（読解、聴解・聴読解）310点以上 かつ日本語 （記述）45点以上
D33: 生命科学研究科 | P33: 「日本語能力試験」のN1、または「日本留学試験」の成績確認書・成績通知書等
D34: 先端総合学術研究科 | P34: 大学院の授業内容を理解できる程度の日本語能力を有する者
D35: 法学研究科 | P35: 日本語能力認定書または「日本語能力試験」の合否結果通知書または認定結果及び成績に関する証明書
D36: 薬学研究科 | P36: ・「日本語能力試験」N1の合否結果通知書または認定結果および成績に関する証明書、「日本留学試験」日本語の成績確認書または成績通知書等 ・指導教員による日本語能力の確認
D37: 理工学研究科 | P37: 日本語能力試験 N1級の合否結果通知書または認定結果および成績に関する証明書、日本語能力確認書、その他入学試験要項に定めるところによる
D39: 【大学院・英語基準】英語語学要件に係る書類確認
D40: 研究科 | P40: 検定等
D41: 経済学研究科 | P41: TOEFL iBT®テスト68点相当以上、IELTS 5.5点相当以上、もしくはTOEIC®L&Rテスト650点相当以上
D42: 国際関係研究科 | P42: 英語能力を証明する公的証明書（出願開始日から過去 2 年以内に取得した、TOEFL® テストないしは IELTS が望ましい） ※次のいずれかの国の国籍を有する者、または次のいずれかの国で大学（大学院）の課程を卒業（見込み）した者は、英語能力を証明する公的証明書の提出は免除 アンティグア・バーブーダ、オーストラリア、バハマ、バルバドス、ベリーズ、カナダ、ドミニカ共和国、グレナダ、ガイアナ、アイルランド、ジャマイカ、マルタ、ニュージーランド、セントクリストファー・ネイビス、セント・ルシア、セントビンセントおよびグレナディーン諸島、トリニダード・トバゴ、英国、米国 ※上記以外の国で、英語を学修言語とする大学（大学院）の課程を卒業（見込み）した者は、それを証明する書類をもって公的証明書の提出を免除できる。
D43: 情報理工学研究科／テクノロジー・マネジメント研究科（博士後期課程のみ） | P43: TOEIC® Listening & Reading Test、TOEFL iBT® Test、IELTSなどの 公式スコア（出願開始日から2年以内に受験したもの）
D44: 政策科学研究科 | P44: TOEFL iBT® テスト・TOEFL iBT® Home Edition：スコア 79 点以上（新スコア4.0以上）、TOEFL ITP® テスト：スコア 550 点以上、IELTS（IELTS Indicator も可）：スコア 6.0 以上のいずれか
D45: 生命科学研究科 | P45: TOEIC🄬L&Rテスト、TOEFL🄬テストの成績通知書*出願期間開始日から起算し過去2年以内に受験したものも限る
D46: 理工学研究科 | P46: TOEIC® Listening & Reading Test、TOEFL iBT® Test、TOEFL iBT® Home Edition、IELTS、IELTS Indicator、Duolingo English Testの成績通知書（出願期間開始日から起算し過去2年以内に受験したものに限る）
C48: □ | D48: 本学生については、国内在住の日本人受験生と同条件の入試で入学のため日本語能力は確認されている。
C50: ※ 専修学校若しくは各種学校において日本語教育以外の教育を受ける場合又は高等学校において教育を受ける場合は、提出は不要です。 ただし、申請書の「日本語能力」又は「日本語学習歴」を必ず記載すること。
C51: ※ 前回の在留諸申請から在籍する教育機関に変更がない場合、提出は不要です。
C52: ※ 可能な限り詳細に記載願います。在留審査において疑義が生じている場合や記載内容が不足している場合、書類の追加提出を求める可能性があります。
C53: ※ 以下「教育機関／課程等名」については、教育機関、課程、学部、学科、専攻、コース等の名称を詳細に記載してください。
C55: 教育機関／ 課程等名： | G55: 立命館大学 | T55: 申請人氏名（記名）： | Z55: ='Form 1'!D13&""
T57: ※申請人本人の氏名を記載願います。

Sheet 1 申請人
A1: 別記第六号の三様式（第六条の二関係）
B2: 申請人等作成用 １ | AF2: 日本国政府法務省
B3: For applicant, part 1 | AF3: Ministry of Justice, Government of Japan
A5: 在 留 資 格 認 定 証 明 書 交 付 申 請 書
A6: APPLICATION FOR CERTIFICATE OF ELIGIBILITY
B8: 法務大臣殿
B9: To the Minister of Justice
C11: 出入国管理及び難民認定法第７条の２の規定に基づき，次のとおり同法第７条第１項第２号に 掲げる条件に適合している旨の証明書の交付を申請します。
C13: Pursuant to the provisions of Article 7-2 of the Immigration Control and Refugee Recognition Act, I hereby apply for the certificate showing eligibility for the conditions provided for in 7, Paragraph 1, Item 2 of the said Act.
A17: 1 国 籍・地 域 | G17: =IF(AND('Form 1'!H16="",'Form 1'!H17=""),'Form 1'!H15,IF(AND('Form 1'!H16<>"",'Form 1'!H17=""),CONCATENATE('Form 1'!H15,"（",'Form 1'!H16,"）"),IF(AND('Form 1'!H16<>"",'Form 1'!H17<>""),CONCATENATE('Form 1'!H15,"（",'Form 1'!H16,"、",'Form 1'!H17,"）"),""))) -> 0 | X17: 2 生年月日 | AC17: ='Form 1'!E19&"" | AG17: 年 | AI17: ='Form 1'!G19&"" | AK17: 月 | AM17: ='Form 1'!I19&"" | AO17: 日
B18: Nationality/Region | Y18: Date of birth | AG18: Year | AK18: Month | AO18: Day
A20: 3 氏 名 | G20: ='Form 1'!D13&""
B21: Name
H22: Family name | T22: Given name
A23: 4 性 別 | E23: 男 | G23: ・ | H23: 女 | K23: 5 出生地 | P23: ='Form 1'!J20&", "&'Form 1'!J21&", "&'Form 1'!J22 -> , , | AD23: 6 配偶者の有無 | AK23: 有 | AM23: ・ | AN23: 無
B24: Sex | E24: Male | G24: / | H24: Female | L24: Place of birth | AE24: Marital status | AK24: Married | AM24: / | AN24: Single
A26: 7 職 業 | E26: ='Form 1'!D23&"" | P26: 8 本国における居住地 | X26: ='Form 1'!D25&""
B27: Occupation | Q27: Home town/city
A29: 9 日本における連絡先 | I29: =IFERROR(_xlfn.IFS('Form 1'!D8="滋賀 びわこ・くさつキャンパス Biwako-Kusatsu Campus in Shiga", "滋賀県草津市野路東1-1-1 立命館大学 びわこ・くさつキャンパス", 'Form 1'!D8="大阪いばらきキャンパス Osaka-Ibaraki Campus in Osaka", "大阪府茨木市岩倉町2-150 立命館大学 大阪いばらきキャンパス", 'Form 1'!D8="京都 衣笠キャンパス Kinugasa Campus in Kyoto", "京都府京都市北区等持院北町56-1 立命館大学 衣笠キャンパス"), "")
B30: Address in Japan
B32: 電話番号 | I32: =IFERROR(_xlfn.IFS('Form 1'!D8="滋賀 びわこ・くさつキャンパス Biwako-Kusatsu Campus in Shiga", "077-561-3946", 'Form 1'!D8="大阪いばらきキャンパス Osaka-Ibaraki Campus in Osaka", "072-665-2070", 'Form 1'!D8="京都 衣笠キャンパス Kinugasa Campus in Kyoto", "075-465-8230"), "") | W32: 携帯電話番号
B33: Telephone No. | W33: Cellular phone No.
A35: 10 旅券 | F35: (1)番 号 | I35: ='Form 1'!D29&"" | W35: (2)有効期限 | AC35: ='Form 1'!F31&"" | AG35: 年 | AI35: ='Form 1'!J31&"" | AK35: 月 | AM35: ='Form 1'!N31&"" | AO35: 日
B36: Passport | G36: Number | X36: Date of expiration | AG36: Year | AK36: Month | AO36: Day
A38: 11 入国目的 （次のいずれか該当するものを選んでください。） | V38: Purpose of entry: check one of the followings
B39: □ | C39: Ｉ 「教授」 | H39: □ | I39: Ｉ 「教育」 | N39: □ | O39: Ｊ 「芸術」 | T39: □ | U39: Ｊ 「文化活動」 | AD39: □ | AE39: Ｋ 「宗教」 | AK39: □ | AL39: Ｌ「報道」
C40: "Professor" | I40: "Instructor" | O40: "Artist" | U40: "Cultural Activities" | AE40: "Religious Activities" | AL40: "Journalist"
B41: □ | C41: Ｌ 「企業内転勤」 | J41: □ | K41: Ｌ 「研究（転勤）」 | R41: □ | S41: M 「経営・管理」 | Y41: □ | Z41: Ｎ 「研究」 | AD41: □ | AE41: Ｎ 「技術・人文知識・国際業務」
C42: "Intra-company Transferee" | K42: "Researcher (Transferee)" | S42: "Business Manager” | Z42: "Researcher" | AE42: "Engineer / Specialist in Humanities / International Services"
B43: □ | C43: Ｎ 「介護」 | H43: □ | I43: Ｎ 「技能」 | M43: □ | N43: Ｎ「特定活動（研究活動等）」 | AD43: □ | AE43: Ｎ「特定活動（本邦大学卒業者）」
C44: "Nursing Care" | I44: "Skilled Labor" | N44: "Designated Activities ( Researcher or IT engineer of a designated org)" | AE44: "Designated Activities (Graduate from a university in Japan)"
B45: □ | C45: Ｖ「特定技能（1号）」 | L45: □ | M45: Ｖ「特定技能（2号）」 | U45: □ | V45: Ｏ 「興行」 | AC45: ■ | AD45: Ｐ 「留学」 | AJ45: □ | AK45: Ｑ 「研修」
D46: "Specified Skilled Worker ( i ) " | N46: "Specified Skilled Worker ( ⅱ ) " | V46: "Entertainer" | AD46: "Student" | AK46: "Trainee"
B47: □ | C47: Y 「技能実習（1号）」 | M47: □ | N47: Y 「技能実習（2号）」 | AA47: □ | AB47: Y 「技能実習（3号）」 | AK47: □ | AL47: Ｒ 「家族滞在」
C48: "Technical Intern Training ( i )" | N48: "Technical Intern Training ( ⅱ )" | AB48: "Technical Intern Training ( ⅲ )" | AL48: "Dependent"
B49: □ | C49: Ｒ 「特定活動（研究活動等家族）」 | Q49: □ | R49: Ｒ「特定活動（EPA家族）」 | AB49: □ | AC49: Ｒ「特定活動（本邦大卒者家族）」
C50: "Designated Activities (Dependent of Researcher or IT engineer of a designated org)" | R50: "Designated Activities(Dependent of EPA)" | AC50: "Designated Activities(Dependent of Gradutate from a university in Japan)"
B51: □ | C51: Ｔ 「日本人の配偶者等」 | N51: □ | O51: Ｔ「永住者の配偶者等」 | AA51: □ | AB51: Ｔ「定住者」
C52: "Spouse or Child of Japanese National" | O52: "Spouse or Child of Permanent Resident" | AB52: "Long Term Resident"
B53: □ | C53: 「高度専門職（1号イ）」 | M53: □ | N53: 「高度専門職（1号ロ）」 | Y53: □ | Z53: 「高度専門職（1号ハ）」 | AK53: □ | AL53: Ｕ 「その他」
C54: "Highly Skilled Professional(i)(a)" | N54: "Highly Skilled Professional(i)(b)" | Z54: "Highly Skilled Professional(i)(c)" | AL54: Others
A55: 12 入国予定年月日 | H55: 2027 | L55: 年 | N55: ='Form 1'!J32&"" -> 3 | P55: 月 | R55: ='Form 1'!N32&"" | T55: 日 | W55: 13 上陸予定港 | AC55: ='Form 1'!D36&""
B56: Date of entry | L56: Year | P56: Month | T56: Day | X56: Port of entry
A58: 14 滞在予定期間 | H58: 4年 | W58: 15 同伴者の有無 | AG58: 有 | AH58: ・ | AI58: 無
B59: Intended length of stay | X59: Accompanying persons, if any | AG59: Yes | AH59: / | AI59: No
A61: 16 査証申請予定地 | J61: ='Form 1'!J39&", "&'Form 1'!J38&", "&'Form 1'!J37 -> , ,
B62: Intended place to apply for visa
A64: 17 過去の出入国歴 | M64: 有 | N64: ・ | O64: 無
B65: Past entry into / departure from Japan | M65: Yes | N65: / | O65: No
C66: （上記で『有』を選択した場合） (Fill in the followings when the answer is "Yes")
C67: 回数 | E67: ='Form 2'!Q49 -> 0 | H67: 回 | K67: 直近の出入国歴 | T67: 年 | X67: 月 | AB67: 日 | AC67: から | AH67: 年 | AL67: 月 | AP67: 日
H68: time(s) | K68: The latest entry from | T68: Year | X68: Month | AB68: Day to | AH68: Year | AL68: Month | AP68: Day
A70: 18 過去の在留資格認定証明書交付申請歴 | Q70: 有 | R70: ・ | S70: 無
B71: Past history of applying for a certificate of eligibility | Q71: Yes | R71: / | S71: No
G73: （上記で『有』を選択した場合） | Q73: 回数 | S73: ='Form 1'!N45&"" | V73: 回 | X73: （うち不交付となった回数） | AK73: ='Form 1'!N47&"" | AN73: 回
G74: (Fill in the followings when the answer is "Yes") | V74: time(s) | X74: （Of these applications, the number of times of non-issuance） | AN74: time(s)
A76: 19 犯罪を理由とする処分を受けたことの有無 （日本国外におけるものを含む。）※交通違反等による処分を含む。
C77: Criminal record (in Japan / overseas)※Including dispositions due to traffic violations, etc.
C78: 有 | D78: （具体的内容 | AL78: ） | AM78: ・ | AN78: 無
C79: Yes | D79: ( Detail: | AL79: ) | AM79: / | AN79: No
A81: 20 退去強制又は出国命令による出国の有無 | R81: 有 | S81: ・ | T81: 無
B82: Departure by deportation /departure order | R82: Yes | S82: / | T82: No
C83: （上記で『有』を選択した場合） | O83: 回数 | Q83: ='Form 1'!N51&"" | T83: 回 | V83: 直近の送還歴 | AE83: ='Form 1'!K52&"" | AH83: 年 | AJ83: ='Form 1'!M52&"" | AL83: 月 | AN83: ='Form 1'!O52&"" | AP83: 日
C84: (Fill in the followings when the answer is "Yes") | T84: time(s) | V84: The latest departure by deportation | AH84: Year | AL84: Month | AP84: Day
A86: 21 在日親族（父・母・配偶者・子・兄弟姉妹・祖父母・叔(伯)父・叔(伯)母など）及び同居者
B87: Family in Japan (father, mother, spouse, children, siblings,grandparents, uncle, aunt or others) and cohabitants
C89: 有 | D89: （「有」の場合は，以下の欄に在日親族及び同居者を記入してください。） ・ 無
C90: Yes | D90: (If yes, please fill in your family members in Japan and co-residents in the following columns) | Z90: / | AA90: No
A91: 続 柄 | E91: 氏 名 | N91: 生年月日 | R91: 国 籍・地 域 | V91: 同居予定の有無 | Z91: 勤務先名称・通学先名称 | AI91: 在留カード番号
AI92: 特別永住者証明書番号
A93: Relationship | E93: Name | N93: Date of birth | R93: Nationality/Region | V93: Intended to reside with applicant or not | Z93: Place of employment/school | AI93: Residence card number
AI94: Special Permanent Resident Certificate number
V95: 有・無
V96: Yes / No
V97: 有・無
V98: Yes / No
V99: 有・無
V100: Yes / No
V101: 有・無
V102: Yes / No
B103: ※ | C103: 3について，有効な旅券を所持する場合は，旅券の身分事項ページのとおりに記載してください。 Regarding item 3, if you possess your valid passport, please fill in your name as shown in the passport. 21については，記載欄が不足する場合は別紙に記入して添付すること。なお,「研修」，「技能実習」に係る申請の場合は，「在日親族」のみ記載してください。 Regarding item 21, if there is not enough space in the given columns to write in all of your family in Japan, fill in and attach a separate sheet. In addition, take note that you are only required to fill in your family members in Japan for applications pertaining to “Trainee” or “Technical Intern Training”.
A106: （注） 裏面参照の上，申請に必要な書類を作成して下さい。
A107: Note : Please fill in forms required for application. (See notes on reverse side.)
A108: （注） 申請書に事実に反する記載をしたことが判明した場合には，不利益な扱いを受けることがあります。
A109: Note : In case of to be found that you have misrepresented the facts in an application, you will be unfavorably treated in the process.

Sheet 2 申請人
A1: 申請人等作成用 ２ Ｐ （「留学」） | Z1: 在留資格認定証明書用
A2: For applicant, part 2 P ("Student") | Z2: For certificate of eligibility
A4: 22 通学先 | E4: Place of study
B5: (1)名 称 | G5: 立命館大学
C6: Name of school
B8: (2)所在地 | F8: =IFERROR(_xlfn.IFS('Form 1'!D8="滋賀 びわこ・くさつキャンパス Biwako-Kusatsu Campus in Shiga", "滋賀県草津市野路東1-1-1 立命館大学 びわこ・くさつキャンパス", 'Form 1'!D8="大阪いばらきキャンパス Osaka-Ibaraki Campus in Osaka", "大阪府茨木市岩倉町2-150 立命館大学 大阪いばらきキャンパス", 'Form 1'!D8="京都 衣笠キャンパス Kinugasa Campus in Kyoto", "京都府京都市北区等持院北町56-1 立命館大学 衣笠キャンパス"), "") | T8: (3)電話番号 | Y8: =IFERROR(_xlfn.IFS('Form 1'!D8="滋賀 びわこ・くさつキャンパス Biwako-Kusatsu Campus in Shiga", "077-561-3946", 'Form 1'!D8="大阪いばらきキャンパス Osaka-Ibaraki Campus in Osaka", "072-665-2070", 'Form 1'!D8="京都 衣笠キャンパス Kinugasa Campus in Kyoto", "075-465-8230"), "")
C9: Address | U9: Telephone No.
A11: 23 修学年数 （小学校～最終学歴） | V11: ='Form 1'!J73&"" -> 0 | Z11: 年
B12: Total period of education (from elementary school to last institution of education) | Z12: Years
A14: 24 最終学歴 （又は在学中の学校） | M14: Education (last school or institution) or present school
B15: (1)在籍状況 | H15: □ | I15: 卒業 | M15: □ | N15: 在学中 | R15: □ | S15: 休学中 | X15: □ | Y15: 中退
C16: Registered enrollment | I16: Graduated | N16: In school | S16: Temporary absence | Y16: Withdrawal
C17: □ | D17: 大学院 （博士） | J17: □ | K17: 大学院 （修士） | Q17: □ | R17: 大学 | V17: □ | W17: 短期大学 | AB17: □ | AC17: 専門学校
D18: Doctor | K18: Master | R18: Bachelor | W18: Junior college | AC18: College of technology
C19: □ | D19: 高等学校 | J19: □ | K19: 中学校 | P19: □ | Q19: 小学校 | V19: □ | W19: その他 （ | AG19: ）
D20: Senior high school | K20: Junior high school | Q20: Elementary school | W20: Others
B21: (2)学校名 | O21: (3)卒業又は卒業見込み年月 | AC21: 年 | AF21: 月
C22: Name of the school | P22: Date of graduation or expected graduation | AC22: Year | AF22: Month
A24: 25 経歴（直近５年の職歴及び学歴（高等学校卒業以降のものに限る）を記入）
B25: Personal history(Work experience and educational background for the last 5 years (limited to those after graduating from senior high school))
A26: 始期 | E26: 終期 | R26: 始期 | V26: 終期
A27: Start | E27: Finish | I27: 経歴 | R27: Start | V27: Finish | Z27: 経歴
A28: 年 | C28: 月 | E28: 年 | G28: 月 | I28: Personal history | R28: 年 | T28: 月 | V28: 年 | X28: 月 | Z28: Personal history
A29: Year | C29: Month | E29: Year | G29: Month | R29: Year | T29: Month | V29: Year | X29: Month
A37: 26 日本語能力 （専修学校又は各種学校において日本語教育以外の教育を受ける場合に記入）
B38: Japanese language ability (Fill in the followings when the applicant plans to study at advanced vocational school or vocational school (except Japanese language))
B40: □ | C40: 試験による証明 | I40: Proof based on a Japanese language test
B41: （１）試験名 | F41: Name of the test | T41: （２）級又は点数 | Z41: Attained level or score
B45: □ | C45: 日本語教育を受けた教育機関及び期間 | P45: Organization and period to have received Japanese language education
C46: 機関名
C47: Organization
C49: 期間： | K49: 年 | O49: 月 | Q49: から | W49: 年 | AA49: 月 | AC49: まで
C50: Period | E50: from | K50: Year | O50: Month | Q50: to | W50: Year | AA50: Month
B52: □ | C52: その他
C53: Others
A58: 27 日本語学習歴 （高等学校において教育を受ける場合に記入）
B59: Japanese education history (Fill in the followings when the applicant plans to study in high school)
B60: 日本語の教育又は日本語による教育を受けた教育機関及び期間
B61: Organization and period to have received Japanese language education / received education by Japanese language
C62: 機関名
C63: Organization
C65: 期間： | K65: 年 | O65: 月 | Q65: から | W65: 年 | AA65: 月 | AC65: まで
C66: Period | E66: from | K66: Year | O66: Month | Q66: to | W66: Year | AA66: Month
A68: 28 滞在費の支弁方法等（生活費，学費及び家賃について記入すること。）※複数選択可
B69: Method of support to pay for expenses while in Japan(fill in with regard to living expenses, tuition and rent) * multiple answers possible
B70: (1)支弁方法及び月平均支弁額 | M70: Method of support and an amount of support per month (average)
B71: □ | C71: 本人負担 | O71: 円 | S71: □ | T71: 在外経費支弁者負担 | AG71: 円
C72: Self | O72: Yen | T72: Supporter living abroad | AG72: Yen
B74: □ | C74: 在日経費支弁者負担 | R74: 円 | V74: □ | W74: 奨学金 | AG74: 円
C75: Supporter in Japan | R75: Yen | W75: Scholarship | AG75: Yen
B77: □ | C77: その他 | N77: 円
C78: Others | N78: Yen
B81: (2)経費支弁者（複数人いる場合は全てについて記入すること。）※任意様式の別紙可
C82: Supporter(If there is more than one, give information on all of the supporters )*another paper may be attached, which does not have to use a prescribed format.
C83: ①氏 名 | G83: ='Form 1'!D99&""
D84: Name
C85: ②住 所 | G85: ='Form 1'!D100&"" | W85: 電話番号 | AA85: ='Form 1'!G102&"-"&'Form 1'!L102 -> -
D86: Address | W86: Telephone No.
C88: ③職業 （勤務先の名称） | L88: ='Form 1'!D104&"("&'Form 1'!D106&")" -> () | W88: 電話番号 | AA88: ='Form 1'!G107&"-"&'Form 1'!L107 -> -
D89: Occupation (place of employment) | W89: Telephone No.
C91: ④年 収 | H91: ='Form 1'!D109 -> 0 | O91: 円
D92: Annual income | O92: Yen

Sheet 経費支弁者2人目
A1: 経費支弁者情報（2人目）
A2: 氏名 | B2: ='Form 1'!D111&""
A3: 申請人との関係 | B3: ='Form 1'!D115&""
A4: 住所 | B4: ='Form 1'!D112&""
A5: 電話番号 | B5: ='Form 1'!G114&"-"&'Form 1'!L114 -> -
A6: 職業 | B6: ='Form 1'!D116&""
A7: 勤務先の名称 | B7: ='Form 1'!D118&""
A8: 勤務先の電話番号 | B8: ='Form 1'!G119&"-"&'Form 1'!L119 -> -
A9: 年収(円) | B9: ='Form 1'!D121 -> 0

Sheet 3　申請人
A1: 申請人等作成用 ３ Ｐ （「留学」） | Z1: 在留資格認定証明書用
A2: For applicant, part 3 P ("Student") | Z2: For certificate of eligibility
B4: (3)申請人との関係 （上記(1)で在外経費支弁者負担又は在日経費支弁者負担を選択した場合に記入）
C5: Relationship with the applicant (Check one of the followings when your answer to the question 27(1) is supporter living abroad or Japan)
C7: □ | D7: 夫 | F7: □ | G7: 妻 | I7: □ | J7: 父 | L7: □ | M7: 母 | O7: □ | P7: 祖父 | S7: □ | T7: 祖母 | W7: □ | X7: 養父 | AA7: □ | AB7: 養母
D8: Husband | G8: Wife | J8: Father | M8: Mother | P8: Grandfather | T8: Grandmother | X8: Foster father | AB8: Foster mother
C10: □ | D10: 兄弟姉妹 | I10: □ | J10: 叔父 （伯父）・叔母（伯母） | S10: □ | T10: 受入教育機関 | AA10: □ | AB10: 友人・知人
D11: Brother / Sister | J11: Uncle / Aunt | T11: Educational institution | AB11: Friend / Acquaintance
C13: □ | D13: 友人・知人の親族 | L13: □ | M13: 取引関係者・現地企業等職員
D14: Relative of friend / acquaintance | M14: Business connection / Personnel of local enterprise
C16: □ | D16: 取引関係者・現地企業等職員の親族 | S16: □ | T16: その他 （ | AC16: ）
D17: Relative of business connection / personnel of local enterprise | T17: Others
B19: (4)奨学金支給機関 （上記(1)で奨学金を選択した場合に記入）※複数選択可
C20: Organization which provide scholarship (Check one of the following when the answer to the question 27(1) is scholarship) * multiple answers possible
C22: □ | D22: 外国政府 | I22: □ | J22: 日本国政府 | P22: □ | Q22: 地方公共団体
D23: Foreign government | J23: Japanese government | Q23: Local government
C25: □ | D25: 公益社団法人又は公益財団法人 （ | V25: ） | W25: □ | X25: その他 （ | AG25: ）
D26: Public interest incorporated association / Public interest incorporated foundation | X26: Others
A29: 29 卒業後の予定 | H29: Plans after graduation
B31: □ | C31: 帰 国 | M31: □ | N31: 日本での進学
C32: Return to home country | N32: Enter school of higher education in Japan
B34: □ | C34: 日本での就職 | M34: □ | N34: その他 （ | AG34: ）
C35: Find work in Japan | N35: Others
A36: 30 本邦における申請人の監護人（通学先が中学校又は小学校の場合に記入）
B37: Actual guardian in Japan ( Fill in the following if the applicant is to study at a junior high school or elementary school )
B39: (1)氏 名 | R39: (2)本人との関係
C40: Name | S40: Relationship with the applicant
B42: (3)住 所
C43: Address
C45: 電話番号 | S45: 携帯電話番号
C46: Telephone No. | S46: Cellular Phone No.
A48: 31 申請人，法定代理人，法第７条の２第２項に規定する代理人
B49: Applicant, legal representative or the authorized representative, prescribed in Paragraph 2 of Article 7-2.
B51: (1)氏 名 | R51: (2)本人との関係 | AA51: 受入教育機関担当職員
C52: Name | S52: Relationship with the applicant
B54: (3)住 所 | F54: =IFERROR(_xlfn.IFS('Form 1'!D8="滋賀 びわこ・くさつキャンパス Biwako-Kusatsu Campus in Shiga", "滋賀県草津市野路東1-1-1 立命館大学 びわこ・くさつキャンパス", 'Form 1'!D8="大阪いばらきキャンパス Osaka-Ibaraki Campus in Osaka", "大阪府茨木市岩倉町2-150 立命館大学 大阪いばらきキャンパス", 'Form 1'!D8="京都 衣笠キャンパス Kinugasa Campus in Kyoto", "京都府京都市北区等持院北町56-1 立命館大学 衣笠キャンパス"), "")
C55: Address
C57: 電話番号 | G57: =IFERROR(_xlfn.IFS('Form 1'!D8="滋賀 びわこ・くさつキャンパス Biwako-Kusatsu Campus in Shiga", "077-561-3946", 'Form 1'!D8="大阪いばらきキャンパス Osaka-Ibaraki Campus in Osaka", "072-665-2070", 'Form 1'!D8="京都 衣笠キャンパス Kinugasa Campus in Kyoto", "075-465-8230"), "") | S57: 携帯電話番号
C58: Telephone No. | S58: Cellular Phone No.
B60: 以上の記載内容は事実と相違ありません。 | S60: I hereby declare that the statement given above is true and correct.
B61: 申請人（代理人）の署名／申請書作成年月日 | S61: Signature of the applicant (representative) / Date of filling in this form
Y63: 年 | AC63: 月 | AG63: 日
Y64: Year | AC64: Month | AG64: Day
A66: 注意 | D66: 申請書作成後申請までに記載内容に変更が生じた場合，申請人（代理人）が変更箇所を訂正し， 署名すること。
D67: 申請書作成年月日は申請人（代理人）が自署すること。
A68: Attention | D68: In cases where descriptions have changed after filling in this application form up until submission of this application, the applicant (representative) must correct the part concerned and sign their name.
D70: The date of preparation of the application form must be written by the applicant (representative).
A72: ※ 取次者 | E72: Agent or other authorized person
B74: (1)氏 名 | N74: (2)住 所
C75: Name | O75: Address
B77: (3)所属機関等 | H77: Organization to which the agent belongs | W77: 電話番号 | AA77: Telephone No.

Sheet 4 所属機関
A1: 所属機関等作成用 １ Ｐ （「留学」） | Z1: 在留資格認定証明書用
A2: For organization, part 1 P ("Student") | Z2: For certificate of eligibility
A4: 1 入学する外国人の氏名 | L4: ='1 申請人'!G20&""
B5: Name of the foreigner to enter school
A7: 2 通学先 | E7: Place of Study
B8: (1)学校名 | G8: 立命館大学
C9: Name of School
B11: (2)所在地 | G11: =IFERROR(_xlfn.IFS('Form 1'!D8="滋賀 びわこ・くさつキャンパス Biwako-Kusatsu Campus in Shiga", "滋賀県草津市野路東1-1-1 立命館大学 びわこ・くさつキャンパス", 'Form 1'!D8="大阪いばらきキャンパス Osaka-Ibaraki Campus in Osaka", "大阪府茨木市岩倉町2-150 立命館大学 大阪いばらきキャンパス", 'Form 1'!D8="京都 衣笠キャンパス Kinugasa Campus in Kyoto", "京都府京都市北区等持院北町56-1 立命館大学 衣笠キャンパス"), "")
C12: Address
C14: 電話番号 | G14: =IFERROR(_xlfn.IFS('Form 1'!D8="滋賀 びわこ・くさつキャンパス Biwako-Kusatsu Campus in Shiga", "077-561-3946", 'Form 1'!D8="大阪いばらきキャンパス Osaka-Ibaraki Campus in Osaka", "072-665-2070", 'Form 1'!D8="京都 衣笠キャンパス Kinugasa Campus in Kyoto", "075-465-8230"), "")
C15: Telephone No.
B17: (3)法人名 | G17: 学校法人 立命館
C18: Corporation name
B20: (4)法人番号（13桁） | O20: 9 | P20: 1 | Q20: 3 | R20: 0 | S20: 0 | T20: 0 | U20: 5 | V20: 0 | W20: 0 | X20: 4 | Y20: 2 | Z20: 8 | AA20: 9
C21: Corporation no. (combination of 13 numbers and letters)
B23: (5)授業形態 | G23: Type of class
C24: ■ | D24: 昼間制 | I24: □ | J24: 昼夜間制 | O24: □ | P24: 夜間制
D25: Day classes | J25: Day-Evening classes | P25: Evening classes
C26: □ | D26: サテライト制 （双方向通信による遠隔授業を受ける場合に記入）
D27: Satellite program (fill in this box when attending remote classes that use two-way communication)
C28: □ | D28: 通信制 （単位の一部をビデオ又はインターネット等による教育により取得できる場合を含む。）
D29: Correspondence course (including cases receiving credits for education via video or internet)
B30: (6)生活指導担当者名 （通学先が専修学校、各種学校、中学校又は小学校の場合に記入）
C31: Name of the resident adviser in Japan (in case that the place of study is an advanced vocational school,vocational school,
C32: junior high school or elementary school)
B33: (7)学生交換計画の有無及び当該計画の策定主体 | AB33: 有・無
C34: （通学先が高等学校、中学校又は小学校の場合に記入） | AB34: Yes / No
C35: Is the applicant participating in a student exchange program? Which organization is in charge of that program?
C36: (when the place of study is senior high school,junior high school or elementary school)
C37: □ | D37: 国又は地方公共団体の機関 | O37: □ | P37: 独立行政法人 | W37: □ | X37: 国立大学法人 | AE37: □ | AF37: 学校法人
D38: National or local government | P38: Incorporated administrative agency | X38: National university corporation | AF38: Educational foundation
C39: □ | D39: 公益社団法人又は公益財団法人 | W39: □ | X39: その他 （ | AG39: ）
D40: Public interest incorporated association or public interest incorporated foundation | X40: Others
A41: 3 入学年月日 | I41: 2027 | M41: 年 | O41: 4 | Q41: 月 | S41: 1 | U41: 日
B42: Date of entrance | M42: Year | Q42: Month | U42: Day
A44: 4 週間授業時間（予定を含む。） | N44: 10.5 | X44: 時間
B45: Lesson hours per week(including scheduled lessons) | X45: hours
A47: 5 在籍区分 | F47: Registration
B48: □ | C48: 大学院 （博士） | M48: □ | N48: 大学院 （修士）
C49: Graduate school(Doctor) | N49: Graduate school(Master)
B50: □ | C50: 大学院 （非正規生/専ら聴講によらない） | P50: □ | Q50: 大学院 （非正規生/専ら聴講による） | AC50: ■ | AD50: 大学 （正規生）
C51: Graduate school (Non-regular student / not study through auditing courses exclusively) | Q51: Graduate school (Non-regular student / study through auditing courses exclusively) | AD51: University（Regular student）
B53: □ | C53: 大学 （非正規生/専ら聴講によらない） | P53: □ | Q53: 大学 （非正規生/専ら聴講による） | AC53: □ | AD53: 短期大学 （正規生）
C54: University (Non-regular student/ not study through auditing courses exclusively) | Q54: University (Non-regular student / study through auditing courses exclusively)) | AD54: Junior college (Regular student)
B56: □ | C56: 短期大学 （非正規生/専ら聴講によらない） | Q56: □ | R56: 短期大学 （非正規生/専ら聴講による）
C57: Junior college (Non-regular student/ not study through auditing courses exclusively) | R57: Junior college (Non-regular student/ study through auditing courses exclusively)
B59: □ | C59: 高等専門学校 | M59: □ | N59: 専修学校 （専攻科） | Z59: □ | AA59: 専修学校 （専門課程）
C60: Technical school | N60: Advanced vocational school ( Advanced course) | AA60: Advanced vocational school (Specialized course)
B61: □ | C61: 専修学校 （高等課程） | M61: □ | N61: 専修学校 （一般課程） | Z61: □ | AA61: 各種学校
C62: Advanced vocational school (Higher course) | N62: Advanced vocational school (General course) | AA62: Miscellaneous school
B63: □ | C63: 日本語教育機関 （大学） | Q63: □ | R63: 日本語教育機関 （短期大学）
C64: Japanese-language institutes (University) | R64: Japanese-language institutes (Junior college)
B65: □ | C65: 日本語教育機関 （専修学校） | Q65: □ | R65: 日本語教育機関 （各種学校）
C66: Japanese-language institutes (Advanced vocational school) | R66: Japanese-language institutes (Miscellaneous school)
B67: □ | C67: 日本語教育機関 （その他）
C68: Japanese-language institutes (Others)
B69: □ | C69: 高等学校 | J69: □ | K69: 中学校 | Q69: □ | R69: 小学校 | X69: □ | Y69: その他 （ | AH69: ）
C70: Senior high school | K70: Junior high school | R70: Elementary school | Y70: Others

Sheet 5 所属機関
A1: 所属機関等作成用 ２ Ｐ （「留学」） | Z1: 在留資格認定証明書用
A2: For organization, part 2 P ("Student") | Z2: For certificate of eligibility
A4: 6 学部・課程 | F4: Faculty / Course
B5: （5で大学院、大学、短期大学（いずれも非正規生を含む）を選択した場合に記入）
B6: (Check the following item(s) if you selected Graduate school,University or Junior college including Non-regular course as your answer to question 5)
B8: □ | C8: 法学 | G8: □ | H8: 経済学 | M8: □ | N8: 政治学 | S8: □ | T8: 商学 | Y8: □ | Z8: 経営学 | AE8: □ | AF8: 文学
C9: Law | H9: Economics | N9: Politics | T9: Commercial science | Z9: Business administration | AF9: Literature
B11: □ | C11: 語学 | G11: □ | H11: 社会学 | M11: □ | N11: 歴史学 | S11: □ | T11: 心理学 | Y11: □ | Z11: 教育学 | AE11: □ | AF11: 芸術学
C12: Linguistics | H12: Sociology | N12: History | T12: Psychology | Z12: Education | AF12: Science of art
B14: □ | C14: その他人文・社会科学 （ | R14: ） | S14: □ | T14: 理学 | Y14: □ | Z14: 化学 | AE14: □ | AF14: 工学
C15: Others(cultural science/ social science) | T15: Science | Z15: Chemistry | AF15: Engineer
B17: □ | C17: 農学 | G17: □ | H17: 水産学 | M17: □ | N17: 薬学 | S17: □ | T17: 医学 | Y17: □ | Z17: 歯学
C18: Agriculture | H18: Fisheries | O18: Pharmacy | T18: Medicine | Z18: Dentistry
B20: □ | C20: その他自然科学 （ | N20: ） | P20: □ | Q20: 体育学 | X20: □ | Y20: その他 （ | AH20: ）
C21: Others(natural science) | Q21: Sports science | Y21: Others
A23: 7 所属予定の研究室（5で大学院を選択した場合に記入）
B24: Research room (Fill in the following item(s), if you selected Doctor, Master or Graduate school (Research student) as your answer to question 5)
B25: (1)研究室名
C26: Name of research room
B28: (2)指導教員氏名
C29: Name of mentoring professor
A31: 8 専門課程名称 （5で高等専門学校～各種学校を選択した場合に記入）
B32: Name of specialized course (Check the following item(s) if you selected "Technical school" through to "Miscellaneous school" as your answer to question 5)
B33: □ | C33: 工業 | G33: □ | H33: 農業 | L33: □ | M33: 医療・衛生 | U33: □ | V33: 教育・社会福祉 | AC33: □ | AD33: 法律
C34: Engineering | H34: Agriculture | M34: Medical services / Hygienics | V34: Education / Social welfare | AD34: Law
B36: □ | C36: 商業実務 | I36: □ | J36: 服飾・家政 | Q36: □ | R36: 文化・教養 | Y36: □ | Z36: その他 （ | AH36: ）
C37: Practical commercial business | K37: Dress design / Home economics | S37: Culture / Education | Z37: Others
A39: 9 仲介業者又は仲介者 | I39: ※外国（国外）の機関について記載 | R39: *Description of a foreign (outside of Japan) organization
B40: Name of intermediary agency or person
B41: (1)名称
C42: Name
B44: (2)住所
C45: Address
B47: (3)本国政府による登録番号（ベトナムの場合に記入）
C48: Registration number issued by the government (Fill in the following item if the applicant is a Vietnamese national)
A50: 10 卒業年月（予定） | H50: Month and year of (scheduled) graduation | U50: 2031 | Z50: 年 | AB50: 3 | AG50: 月
B51: （交換留学生の場合、11に交換留学受入満了年月を記入） | Z51: Year(s) | AG51: Month(s)
B52: (If you are an exchange student, fill in the expiration date of the exchange student acceptance period in (11))
A54: 11 交換留学受入満了年月 | Z54: 年 | AG54: 月
B55: Month and year of expiration of the exchange student acceptance period | Z55: Year(s) | AG55: Month(s)
A57: 12 留学生の出席状況、出入国管理及び難民認定法第19条第1項の規定の遵守状況、学習の状況等の管理体制の有無 | AG57: 有・無
B58: Management system, including the status of attendance of students, the status of compliance with the provisions of Article 19, paragraph 1 of the Immigration Control and Refugee Recognition Act, and the status of learning | AG58: Yes / No
B62: 以上の記載内容は事実と相違ありません。 | Q62: I hereby declare that the statement given above is true and correct.
B63: 教育機関名、代表者氏名の記名／申請書作成年月日
B64: Name of the educational institution and representative of the educational institution ／Date of filling in this form
B66: 立命館大学 国際部長 中戸 祐夫 | W66: 2027 | Z66: 年 | AD66: 月 | AH66: 日
Z67: Year | AD67: Month | AH67: Day
B69: 注意 | D69: Attention
B70: 申請書作成後申請までに記載内容に変更が生じた場合、所属機関等が変更箇所を訂正すること。
B71: In cases where descriptions have changed after filling in this application form up until submission of this application, the organization must correct the changed part .

Sheet リスト
B1: リスト
B2: 法学部 | D2: 国際関係学部 JD Program
B3: 産業社会学部 | D3: 国際関係学部 GS Major
B4: 国際関係学部
B5: 文学部
B6: デザイン・アート学部
B7: 法学研究科
B8: 社会学研究科
B9: 国際関係研究科
B10: 文学研究科
B11: デザイン・アート学研究科
B12: 先端総合学術研究科
B13: 言語教育情報研究科
B15: 経営学部
B16: 政策科学部
... B19: グローバル教養学部（GLA）
B20: 情報理工学部 | D20: 政策科学部 CRPS Major
B21: 経営学研究科 | D21: 情報理工学部 ISSE Course
B22: 政策科学研究科
B23: 映像研究科
B24: 人間科学研究科
B25: テクノロジー・マネジメント研究科
B26: 経営管理研究科
B27: 情報理工学研究科
B29: 経済学部
B30: 理工学部
B31: 食マネジメント学部
B32: 生命科学部
B33: 薬学部
B34: スポーツ健康科学部
... B43: 教職研究科
